 Dungeon Crawl Stone Soup version 0.27.0-1-g7a089689b8 (webtiles) character file.

Game seed: 11197134489806045098

13178 Brandom the Cleaver (level 12, -2/107 HPs)
             Began as a Hill Orc Abyssal Knight on Aug 10, 2021.
             Was an Elder of Lugonu.
             Slain by a sun demon (8 damage)
             ... in a volcano.
             The game lasted 00:39:37 (16140 turns).

Brandom the Cleaver (Hill Orc Abyssal Knight)      Turns: 16140, Time: 00:39:38

Health: -2/107     AC: 20    Str: 26    XL:     12   Next: 3%
Magic:  19/19      EV:  9    Int: 12    God:    Lugonu [****..]
Gold:   496        SH:  0    Dex: 10    Spells: 11/11 levels left

rFire    + . .     SeeInvis .   E - +2 war axe (flame)
rCold    . . .     Faith    .   (no shield)
rNeg     . . .     Spirit   .   F - +0 plate armour
rPois    .         Reflect  .   o - +1 helmet
rElec    .         Harm     .   A - +0 cloak
rCorr    .         Rampage  .   x - +0 pair of gloves
Will     .....                  p - +0 pair of boots
Stlth    ..........             (no amulet)
HPRegen  0.27/turn              c - +6 ring of strength
MPRegen  0.16/turn              f - ring of protection from fire

@: confused, ambrosia-drunk, very slightly contaminated, invisible
A: no striking features
a: Renounce Religion, Depart the Abyss, Bend Space, Banish, Corrupt


You were in a volcano.
You worshipped Lugonu.
Lugonu was greatly pleased with you.
You visited 2 branches of the dungeon, and saw 11 of its levels.
You visited the Abyss 1 time.
You also visited: Volcano.

You collected 496 gold pieces.

Inventory:

Hand Weapons
 a - a +1 hand axe
 u - a +0 war axe of flaming
   (You found it on level 4 of the Dungeon)
 E - a +2 war axe of flaming (weapon)
   (You found it on level 5 of the Dungeon)
 N - a +0 war axe of holy wrath
   (You found it on level 8 of the Dungeon)
Missiles
 J - 3 throwing nets {!f}
 L - 6 curare-tipped darts {!f}
 M - 2 javelins (quivered)
Armour
 b - a +0 leather armour
 o - a +1 helmet (worn)
   (You took it off Robin on level 2 of the Dungeon)
 p - a +0 pair of boots (worn)
   (You found it on level 2 of the Dungeon)
 x - a +0 pair of gloves (worn)
   (You found it on level 4 of the Dungeon)
 y - a +0 chain mail
   (You took it off an orc on level 4 of the Dungeon)
 A - a +0 cloak (worn)
   (You took it off Crazy Yiuf on level 4 of the Dungeon)
 B - a +0 tower shield
   (You found it on level 5 of the Dungeon)
 F - a +0 plate armour (worn)
   (You found it on level 5 of the Dungeon)
Jewellery
 c - a +6 ring of strength (left hand)
   (You found it on level 1 of the Dungeon)
 f - a ring of protection from fire (right hand)
   (You found it on level 1 of the Dungeon)
 j - a ring of magical power
   (You found it on level 5 of the Dungeon)
Wands
 d - a wand of iceblast (8)
   (You found it on level 3 of the Dungeon)
 k - a wand of charming (11)
   (You found it on level 2 of the Dungeon)
 t - a wand of flame (52)
   (You found it on level 5 of the Dungeon)
 R - a wand of mindburst (7)
   (You found it on level 9 of the Dungeon)
Scrolls
 e - a scroll of vulnerability {!r}
 h - a scroll of enchant armour
 l - a scroll of amnesia
 q - 4 scrolls of teleportation {@r4}
 C - a scroll of immolation {!r}
 D - a scroll of torment {unknown}
 G - 2 scrolls of fear
 I - 2 scrolls of noise {!r}
 K - a scroll of brand weapon
 P - a scroll of blinking
Potions
 g - 5 potions of heal wounds {@q2}
 i - 2 potions of curing {@q1}
 m - 2 potions of magic
 r - a potion of haste {@q3}
 s - 2 potions of flight
 v - 3 potions of cancellation
 w - 2 potions of might
 z - 2 potions of attraction {!q}
 H - a potion of lignification {!q}
 O - 3 potions of brilliance


   Skills:
 + Level 10.3 Fighting
 * Level 14.5 Axes
 + Level 9.1 Armour
 - Level 5.0 Dodging
 + Level 10.6 Invocations


You had 11 spell levels left.
You didn't know any spells.
Your spell library contained the following spells:

 Spells                   Type           Power      Damage    Failure   Level
 Foxfire                  Conj/Fire      0%         2x1d4     97%         1
 Shock                    Conj/Air       0%         1d3       97%         1
 Passwall                 Tmut/Erth      0%         N/A       99%         2
 Conjure Flame            Conj/Fire      0%         6-21      100%        3
 Inner Flame              Hex/Fire       0%         N/A       100%        3
 Stone Arrow              Conj/Erth      0%         3d7       100%        3
 Swiftness                Air            0%         N/A       100%        3
 Tukima's Dance           Hex            0%         N/A       100%        3
 Airstrike                Air            0%         N/A       100%        4
 Bolt of Magma            Conj/Fire/Erth 0%         4d4       100%        5
 Borgnjor's Revivificati  Necr           0%         N/A       100%        8
 Ignition                 Fire           0%         3d3       100%        8
 Shatter                  Erth           0%         3d5*      100%        9


Dungeon Overview and Level Annotations

Branches:
Dungeon (10/15)            Temple (0/1) D:6            Lair (1/6) D:8
    Orc (0/2) D:9         Volcano (1/1)

Altars:
Fedhas
Gozag
Nemelex Xobeh
Ru
Trog
Uskayaw
Wu Jian
Xom
Yredelemnul

Shops:
D:9 :


Message History

The ball of steam hits you. You resist.
* * * LOW HITPOINT WARNING * * *
The sun demon hits you but does no damage.
Unknown command.
You bump into the rock wall.
You are covered in liquid flames!
* * * LOW HITPOINT WARNING * * *
The sun demon completely misses you. The smoke demon gestures at you.
The ball of steam misses you.
Unknown command.
You feel less invigorated.
You feel less confused.
The sun demon hits you but does no damage.
The smoke demon gestures at you. The sticky flame misses you.
Unknown command.
Unknown command.
The sun demon shouts!
You slash the sun demon! The sun demon hits you.
* * * LOW HITPOINT WARNING * * *
You are engulfed in flames!
You resist.
* * * LOW HITPOINT WARNING * * *
You slash the sun demon! The sun demon completely misses you.
Unknown command.
Okay, then.
Here: a smoke demon (heavily wounded)
The floor, spattered with blood.
You fade into invisibility!
The smoke demon gestures at you. The ball of steam hits you. You resist.
* * * LOW HITPOINT WARNING * * *
The sun demon hits you!
* * * LOW HITPOINT WARNING * * *
You are engulfed in flames.
You resist.
* * * LOW HITPOINT WARNING * * *
The steam dragon breathes steam at you.
The ball of steam hits the sun demon.
The sun demon resists.
The ball of steam hits you. You resist.
* * * LOW HITPOINT WARNING * * *
You hear a roar!
You are very lightly contaminated with residual magic.
Unknown command.
You are confused.
You feel invigorated. The smoke demon gestures at you.
The sticky flame misses you. The sun demon hits you!
* * * LOW HITPOINT WARNING * * *
You are engulfed in flames!
You resist.
You die...

..3###. ....§§.
##D...§§.
#≈...§...
#........
###.....#
##.§D3.#
#.3§..## #@3§.§#
##3.§.#
#.....####
##......§.
##....#§§.
###.....§§...
###.....###....
### ###.#.....#
..§
##∩###..§.....##
.§


You could see 2 sun demons, 2 smoke demons and a steam dragon (catching breath).

Vanquished Creatures
  Harold (D:8)
  3 two-headed ogres
  A deep elf pyromancer (D:10)
  A gargoyle (D:8)
  2 kobold demonologists (D:9)
  2 trolls (D:10)
  Prince Ribbit (D:8)
  A redback (shapeshifter) (D:10)
  21 yaks
  2 wyverns
  A wraith (D:9)
  A basilisk (Lair:1)
  3 wargs (D:9)
  Menkaure (D:4)
  2 water moccasins
  An orc warrior (D:7)
  A hornet zombie (D:8)
  A sky beast (D:7)
  3 black bears
  4 ogres
  A necrophage (D:3)
  6 centaurs
  3 kobold brigands
  3 bullfrogs
  3 scorpions
  12 killer bees
  13 wights
  3 howler monkeys
  2 electric eels (D:9)
  3 centaur zombies
  A hound (D:5)
  Crazy Yiuf (D:4)
  4 orc priests
  A centaur skeleton (D:5)
  A gnoll shaman (D:6)
  Natasha (thrice) (D:2)
  3 orc wizards
  A hound zombie (D:3)
  Robin (D:2)
  4 gnolls
  10 adders
  A shadow imp (D:5)
  2 white imps
  An ufetubus (D:6)
  3 adder zombies
  A worm (D:4)
  A dart slug (D:1)
  27 orcs
  An endoplasm (D:3)
  3 giant cockroaches
  18 goblins
  8 hobgoblins
  5 jackals
  5 quokkas
  6 ball pythons
  7 bats
  5 frilled lizards
  2 jackal skeletons
  16 kobolds
  2 rats (D:1)
246 creatures vanquished.

Vanquished Creatures (others)
  2 orcs (D:4)
  10 plants (D:9)
12 creatures vanquished.

Grand Total: 258 creatures vanquished

Notes
Turn   | Place    | Note
-------+----------+-------------------------------------------
     0 | Abyss:1  | Brandom the Hill Orc Abyssal Knight began the quest for the
                  | Orb.
     0 | Abyss:1  | Reached XP level 1. HP: 19/19 MP: 2/2
    87 | Abyss:1  | Noticed a demonic crawler
    91 | D:1      | Escaped the Abyss
   209 | D:1      | Reached skill level 3 in Axes
   209 | D:1      | Reached skill level 1 in Dodging
   209 | D:1      | Reached XP level 2. HP: 24/27 MP: 3/3
   274 | D:1      | Reached * piety under Lugonu
   705 | D:1      | Found a faded altar of an unknown god.
   880 | D:1      | Reached XP level 3. HP: 33/33 MP: 5/5
  1501 | D:2      | Reached XP level 4. HP: 40/40 MP: 6/6
  1534 | D:2      | Found an opulent altar of Gozag.
  1549 | D:2      | Noticed Natasha
  1559 | D:2      | Killed Natasha
  1560 | D:2      | Reached skill level 4 in Axes
  1859 | D:2      | Noticed Natasha
  1867 | D:2      | Killed Natasha
  1987 | D:2      | Noticed Robin
  1993 | D:2      | Reached XP level 5. HP: 32/46 MP: 7/7
  2316 | D:2      | Killed Robin
  2511 | D:2      | Reached ** piety under Lugonu
  2519 | D:2      | Noticed Natasha
  2525 | D:2      | Killed Natasha
  3216 | D:3      | Reached skill level 5 in Axes
  3397 | D:3      | Reached XP level 6. HP: 53/53 MP: 8/8
  4061 | D:2      | HP: 1/44 [wight (2)]
  5022 | D:4      | Found a runed translucent door.
  5023 | D:4      | Noticed Crazy Yiuf
  5540 | D:4      | Found a blossoming altar of Fedhas.
  5542 | D:4      | Reached skill level 5 in Fighting
  5546 | D:4      | Found a hide-covered altar of Uskayaw.
  5548 | D:4      | Found a sparkling altar of Nemelex Xobeh.
  5549 | D:4      | Found a basalt altar of Yredelemnul.
  5550 | D:4      | Found an ornate altar of the Wu Jian Council.
  5656 | D:4      | HP: 2/49 [something/magic dart (3)]
  5662 | D:4      | Noticed a necrophage
  5972 | D:3      | Killed a necrophage
  5973 | D:3      | Reached skill level 6 in Axes
  5973 | D:3      | Reached XP level 7. HP: 42/58 MP: 10/10
  6216 | D:4      | Noticed Menkaure
  6219 | D:4      | Killed Menkaure
  6334 | D:4      | Found a bloodstained altar of Trog.
  6421 | D:4      | Reached skill level 7 in Axes
  6421 | D:4      | Reached skill level 5 in Invocations
  6750 | D:4      | Killed Crazy Yiuf
  6956 | D:5      | Entered Level 5 of the Dungeon
  7013 | D:4      | Reached XP level 8. HP: 64/69 MP: 11/11
  7335 | D:5      | Reached *** piety under Lugonu
  7733 | D:6      | Reached skill level 8 in Axes
  7862 | D:6      | Reached skill level 5 in Armour
  8405 | D:6      | Reached skill level 9 in Axes
  8405 | D:6      | Reached XP level 9. HP: 72/78 MP: 13/13
  8651 | D:6      | Found a staircase to the Ecumenical Temple.
  9302 | D:7      | Reached **** piety under Lugonu
  9770 | D:7      | Reached skill level 10 in Axes
 10048 | D:7      | Found a sacrificial altar of Ru.
 10646 | D:8      | Noticed Harold
 10656 | D:8      | Killed Harold
 10657 | D:8      | Reached XP level 10. HP: 88/88 MP: 15/15
 10886 | D:8      | Reached skill level 11 in Axes
 11164 | D:8      | Noticed a two-headed ogre
 11167 | D:8      | Noticed a gargoyle
 11175 | D:8      | Noticed Prince Ribbit
 11537 | D:7      | Reached skill level 5 in Dodging
 12154 | D:8      | Killed a gargoyle
 12347 | D:8      | Reached skill level 12 in Axes
 12409 | D:8      | Killed Prince Ribbit
 12433 | D:8      | Killed a two-headed ogre
 12772 | D:8      | Reached XP level 11. HP: 86/97 MP: 17/17
 12977 | D:8      | Found a staircase to the Lair.
 13176 | D:8      | Found a shimmering altar of Xom.
 13899 | D:9      | Found a staircase to the Orcish Mines.
 13906 | D:9      | Reached skill level 13 in Axes
 14022 | D:9      | Noticed a sun demon
 14097 | D:9      | Found Jueps's Book Shoppe.
 14753 | D:10     | Entered Level 10 of the Dungeon
 14784 | D:10     | Noticed a deep elf pyromancer
 14796 | D:10     | Killed a deep elf pyromancer
 14797 | D:10     | Reached skill level 10 in Invocations
 14872 | D:10     | Noticed a two-headed ogre
 15023 | D:10     | Killed a two-headed ogre
 15024 | D:10     | Reached skill level 10 in Fighting
 15097 | D:10     | Reached skill level 14 in Axes
 15309 | D:10     | Noticed a two-headed ogre
 15341 | D:10     | Killed a two-headed ogre
 15677 | D:10     | Got the Catalogue of Unholy Secrets and Beguiling
 15691 | D:10     | Reached XP level 12. HP: 101/107 MP: 19/19
 15950 | D:10     | Got the Volume of Flamy Transformation
 16031 | Lair:1   | Entered Level 1 of the Lair of Beasts
 16094 | Lair:1   | Found a dark tunnel.
 16105 | Volcano  | Entered a volcano
 16124 | Volcano  | Noticed a sun demon
 16132 | Volcano  | Noticed a sun demon
 16140 | Volcano  | Slain by a sun demon

Illustrated notes

Levels and vault maps discovered:
D:1:      dpeg_arrival_short_road, layout_rooms,
          hellmonk_ecumenical_altar_leap_of_faith, bh_walls_and_bars
D:2:      layout_loops_cross, basic_altar, minmay_liquid_box, uniq_natasha,
          uniq_robin
D:3:      layout_basic, serial_undead, serial_undead_f, serial_undead_c,
          serial_undead_f, serial_undead_a, minivault_14
D:4:      layout_loops_ring, mainiacjoe_overflow_concentric_impassable,
          minitemple, kennysheep_generic_room_3, uniq_crazy_yiuf_cottage,
          uniq_menkaure
D:5:      layout_rooms
D:6:      layout_basic, minmay_temple_entry_glass, small_statue_intersection
D:7:      layout_layer_cave, kennysheep_little_box, minmay_misc_feat_nine_boxes,
          minmay_between
D:8:      layout_gridville, kennysheep_mini_moat, lair_entry_dummy,
          minmay_radiant, uniq_prince_ribbit1, uniq_harold
D:9:      layout_irregular_city, minmay_orc_entry_guard_dogs, serial_shops,
          shop, amcnicky_mini_pool_small, serial_bayou_lagoon_a,
          grunt_ministairs_4, lightli_orcish_oven
D:10:     layout_basic, chequers_garden, minivault_20
Lair:1:   layout_misc_corridors, enter_volcano_1, grunt_megastairs_1
Volcano:  hellmonk_smoking_crater

Skill      XL: |  1  2  3  4  5  6  7  8  9 10 11 |
---------------+----------------------------------+-----
Axes           | 3 4 5 6 7 9 10 12 14 | 14.5
Dodging        | 1 2 3 4 5 |  5.0
Fighting       | 4 5 6 7 9 10 | 10.3
Invocations    | 3 4 5 6 7 9 10 | 10.6
Armour         | 3 4 5 6 7 9 |  9.1

Action                   |  1- 3 |  4- 6 |  7- 9 | 10-12 || total
-------------------------+-------+-------+-------+-------++-------
Melee: Hand axe          |    99 |   199 |       |       ||   298
       War axe           |       |    18 |   217 |   305 ||   540
Throw: Dart              |       |       |     1 |     9 ||    10
       Throwing net      |       |       |     1 |     1 ||     2
       Javelin           |       |       |       |     4 ||     4
Invok: Depart the Abyss  |     1 |       |       |       ||     1
       Bend Space        |       |     2 |       |       ||     2
Evoke: Wand              |       |       |     4 |     2 ||     6
  Use: Scroll            |       |       |    10 |    12 ||    22
       Potion            |       |       |     1 |     4 ||     5
 Stab: Held in net/web   |       |       |     1 |       ||     1
Armor: Leather armour    |    33 |    53 |     4 |       ||    90
       Chain mail        |       |       |    34 |       ||    34
       Plate armour      |       |       |   128 |   244 ||   372
Dodge: Dodged            |    70 |   118 |   113 |   157 ||   458
